 Dungeon Crawl Stone Soup version 0.31-a0-986-g5e6e4ef867 (webtiles) character file.

Game seed: 15006037751915240754

42 Crabhammer the Insei (level 3, -1/34 HPs)
             Began as an Octopode Shapeshifter on Nov 23, 2023.
             Succumbed to an orc's poison
             ... on level 3 of the Dungeon.
             The game lasted 00:04:00 (2148 turns).

Crabhammer the Insei (Octopode Shapeshifter)        Turns: 2148, Time: 00:04:01

Health: -1/34      AC: 21    Str: 13    XL:     3   Next: 56%
Magic:  3/3        EV:  2    Int: 12    God:
Gold:   173        SH:  0    Dex: 13    Spells: 2/2 levels left

rFire   . .          .
                       - Unarmed
rCold   . . .        (no shield)
rNeg    . . .        (helmet currently unavailable)
rPois   +            (no amulet)
rElec   .            (no ring)
rCorr   .            (no ring)
SInv    .            (no ring)
Will    +....        (no ring)
Stlth   +            (no ring)
HPRegen 0.25/turn    (no ring)
MPRegen 0.08/turn    (no ring)
                     (no ring)

%: no passive effects
@: lethally poisoned (-1 -> -15), tree-form, enlightened
A: stationary, stasis, torment immunity, boosted hp, almost no armour,
(amphibious), 8 rings, (camouflage 1), (gelatinous body 1), (nimble swimmer 1),
(tentacles)
a: no special abilities


You were on level 3 of the Dungeon.
You were a tree.
You visited 1 branch of the dungeon, and saw 3 of its levels.

You collected 173 gold pieces.

Inventory:

Talismans
 b - a beast talisman
 c - a flux talisman
Wands
 i - a wand of mindburst (24) (quivered)
Scrolls
 d - a scroll of teleportation
 h - a scroll of amnesia
Potions
 e - a potion of brilliance
 f - a potion of enlightenment
 g - a potion of resistance {unknown}


   Skills:
 - Level 1.0 Fighting
 - Level 2.0 Dodging
 + Level 4.5 Unarmed Combat
 - Level 3.0 Shapeshifting


You had 2 spell levels left.
You didn't know any spells.
Your spell library contained the following spells:

 Spells                   Type           Power      Damage    Failure   Level
 Slow                     Hex            0%         N/A       32%         1
 Confusing Touch          Hex            0%         N/A       69%         3
 Sigil of Binding         Hex            0%         N/A       69%         3
 Vampiric Draining        Necr           0%         2d6       69%         3


Dungeon Overview and Level Annotations

Branches:
Dungeon (3/15)

Altars:


Innate Abilities, Weirdness & Mutations

You are a tree.
Your roots penetrate the ground, keeping you stationary.
You cannot be teleported.
You are immune to unholy pain and torment.
Your maximum health is greatly increased.
You cannot wear most types of armour.
((You are amphibious.))
You can wear up to eight rings at the same time.
((Your skin changes colour to match your surroundings (Stealth+).))
((Your rubbery body absorbs attacks. (AC +1, EV +1)))
((You are camouflaged when in or above water. (Stealth+)))
((You have tentacles for arms and can constrict up to eight enemies at once.))


Message History

The ball python hisses angrily.
The ball python closely misses you. x2
You barely miss the ball python. You grab the ball python.
You constrict the ball python. The ball python barely misses you.
The ball python grabs you. The ball python constricts you.
You bludgeon the ball python!
You kill the ball python!
You see here a ball python corpse.
There is an escape hatch in the floor here.
You now have 153 gold pieces (gained 4).
You now have 164 gold pieces (gained 11).
You now have 173 gold pieces (gained 9).
An orc wizard comes into view. It is wielding a +0 dagger.
An orc comes into view. It is wielding a +0 dagger of venom.
The orc wizard shouts!
You hear a shout!
An orc comes into view. It is wielding a +0 morningstar.
The orc wizard gestures at you while chanting.
The magic dart hits you.
The orc hits you with a +0 dagger of venom.
You miss the orc wizard. You grab the orc wizard. You constrict the orc wizard.
The orc wizard hits you with a +0 dagger.
The orc hits you with a +0 dagger of venom.
You are poisoned.
You tentacle-slap the orc wizard.
The orc wizard is moderately wounded.
You constrict the orc wizard.
You feel sick. The orc barely misses you.
The orc wizard gestures at you while chanting.
The magic dart hits you.
* * * LOW HITPOINT WARNING * * *
Your transformation has ended.
You turn into a tree.
Your roots penetrate the ground.
You lose your grip on the orc wizard.
* * * LOW HITPOINT WARNING * * *
You feel sick.
The orc wizard hits you with a +0 dagger.
* * * LOW HITPOINT WARNING * * *
The orc hits you but does no damage.
You are more poisoned.
It was a potion of enlightenment.
Your roots keep you in place.
You die...

...# ..# #### #####...# #.#
#... #....... #.# #.##
#...... #.# #.#
#....#######.# #.#
#########............#####.#
#....................#.....#
#.........##oo......>#.#...#
#.........##♣........#.#...#
#.........##.o.......#.#...#
#.........##........†#.#####
#......>..##..............#
#.........##..............#
#..<......##........#.....#
#...^..............)......#
########........####......#
#......<.# #...####


You could see an orc wizard and 2 orcs.

Vanquished Creatures
  2 adders
  3 bats
  2 endoplasms (D:2)
  2 hobgoblins
  3 jackals (D:3)
  4 ball pythons
  2 frilled lizards (D:1)
  A goblin (D:1)
  2 kobolds
  4 rats
25 creatures vanquished.

Notes
Turn   | Place    | Note
-------+----------+-------------------------------------------
     0 | D:1      | Crabhammer the Octopode Shapeshifter began the quest for
                  | the Orb.
     0 | D:1      | Reached XP level 1. HP: 13/13 MP: 1/1
   596 | D:1      | Reached XP level 2. HP: 18/18 MP: 2/2
  1516 | D:2      | Reached skill level 4 in Unarmed Combat
  1516 | D:2      | Reached XP level 3. HP: 22/23 MP: 3/3
  2148 | D:3      | Succumbed to an orc's poison

Illustrated notes

Levels and vault maps discovered:
D:1:      dpeg_arrival_signposts, layout_basic, palyth_stone_intersect
D:2:      layout_loops_corners
D:3:      layout_basic, grunt_dithmenos_smoke

Skill      XL: |  1  2 |
---------------+-------+-----
Unarmed Combat | 4 |  4.5
Fighting       | |  1.0
Dodging        | |  2.0
Shapeshifting  | |  3.0

Action                     || total
---------------------------++-------
  Melee: Unarmed           ||    50
         Constrict         ||    11
         Tentacles         ||     4
         Punch             ||     1
    Use: Scroll            ||     6
         Potion            ||     2
   Stab: Sleeping          ||     5
 Armour: Skin              ||    22
  Dodge: Dodged            ||    30

Table legend: (Time is in decaauts)
 A = Elapsed time spent in this place.
 B = Non-inter-level travel time spent in this place.
 C = Inter-level travel time spent in this place.
 D = Time resting spent in this place.
 E = Time spent auto-exploring this place.
 F = Levels seen in this place.
 G = Mean time per level.
                   A        B        C        D        E       F      G
               +--------+--------+--------+--------+--------+-----+--------+
         Total |   2147 |   1864 |    283 |      9 |   1442 |   3 |  715.7 |
       Dungeon |   2147 |   1864 |    283 |      9 |   1442 |   3 |  715.7 |
               +--------+--------+--------+--------+--------+-----+--------+

Top non-repeatable levels by time:
     D:1: 978 daAuts
     D:2: 909 daAuts
     D:3: 259 daAuts
